 Dungeon Crawl Stone Soup version 0.25-a0-341-g6f074c887a (webtiles) character file.

Game seed: 10103393088153296362, levelgen mode: deterministic

39533 Lanoc the Earth Mage (level 13, -18/63 HPs)
             Began as a Deep Elf Earth Elementalist on Dec 30, 2019.
             Was the Champion of Fedhas.
             Demolished by a two-headed ogre
             ... wielding a +0 giant club
              (19 damage)
             ... on level 15 of the Dungeon.
             The game lasted 00:45:51 (15263 turns).

Lanoc the Earth Mage (Deep Elf Earth Elementalist) Turns: 15263, Time: 00:45:52

Health: -18/63     AC:  9    Str:  5    XL:     13   Next: 69%
Magic:  38/44      EV: 38    Int: 26    God:    Fedhas [******]
Gold:   796        SH:  0    Dex: 15    Spells: 14/33 levels left

rFire    + . .     SeeInvis .   f - staff of power
rCold    + + .     Gourm    .   (no shield)
rNeg     . . .     Faith    .   C - +2 robe {MR+}
rPois    .         Spirit   .   G - +2 hat
rElec    .         Reflect  .   Q - +2 cloak
rCorr    .         Harm     .   (no gloves)
MR       +++..                  (no boots)
Stlth    ++........             u - amulet of the acrobat
HPRegen  0.20/turn              L - ring "Halot" {rC+ MR+}
MPRegen  0.29/turn              K - ring "Avved" {rF+ rC+ Stlth+}

@: acrobat, very slow
A: no striking features
a: Wall of Briars, Grow Ballistomycete, Overgrow, Grow Oklob, Renounce Religion


You were on level 15 of the Dungeon.
You worshipped Fedhas.
Fedhas was exalted by your worship.
You were not hungry.

You visited 2 branches of the dungeon, and saw 16 of its levels.
You also visited: Gauntlet.

You collected 815 gold pieces.
You spent 19 gold pieces at shops.

Inventory:

Hand Weapons
 H - a +4 scimitar of flaming
 P - the +11 scimitar of Integrity {venom, +Rage Dex+4}
   (You found it on level 13 of the Dungeon)

   It poisons the flesh of those it strikes.
   It affects your dexterity (+4).
   It lets you go berserk.
Missiles
 b - 19 stones (quivered)
 s - 25 poisoned darts
 I - 4 curare-tipped darts
Armour
 j - a scarf of cloud immunity
 w - the +4 leather armour of Terror {rF- rC- rN+++ SInv}
   (You found it on level 11 of the Dungeon)

   It makes you vulnerable to fire.
   It makes you vulnerable to cold.
   It renders you almost immune to negative energy.
   It lets you see invisible.
 C - a +2 robe of magic resistance (worn)
 G - a +2 hat (worn)
 Q - a +2 cloak (worn)
Magical Staves
 f - an uncursed staff of power (weapon)
 O - an uncursed staff of conjuration
Jewellery
 u - an amulet of the acrobat (around neck)
 K - the ring "Avved" (right hand) {rF+ rC+ Stlth+}
   (You found it in a Gauntlet)

   [ring of stealth]

   It protects you from fire.
   It protects you from cold.
   It makes you more stealthy.
 L - the ring "Halot" (left hand) {rC+ MR+}
   (You found it in a Gauntlet)

   [ring of protection from magic]

   It protects you from cold.
   It affects your resistance to hostile enchantments.
 M - an uncursed ring of resist corrosion
 N - an uncursed ring of protection from fire
 R - a +3 ring of protection
Wands
 p - a wand of flame (28)
 q - a wand of iceblast (8)
 D - a wand of acid (30)
 E - a wand of digging (3)
Scrolls
 a - 4 scrolls of immolation {unknown}
 c - 5 scrolls of teleportation
 i - 3 scrolls of fog {unknown}
 m - 4 scrolls of enchant weapon {unknown}
 n - 8 scrolls of remove curse
 r - 2 scrolls of magic mapping
 t - a scroll of amnesia {unknown}
 y - 2 scrolls of blinking {unknown}
 z - 3 scrolls of enchant armour {unknown}
 B - a scroll of summoning {unknown}
 F - 4 scrolls of fear
 J - a scroll of brand weapon
Potions
 e - 5 potions of mutation
 g - 3 potions of magic
 h - 2 potions of flight {unknown}
 k - 4 potions of ambrosia
 l - 3 potions of lignification
 o - 4 potions of curing
 v - a potion of agility
 x - a potion of invisibility
 A - 2 potions of heal wounds
 S - a potion of might {unknown}
Miscellaneous
 T - a lightning rod (4/4)
Comestibles
 d - 32 rations


   Skills:
 + Level 15.1 Dodging
 - Level 2.4 Stealth
 + Level 10.7 Spellcasting
 - Level 1.1 Transmutations
 * Level 18.8 Earth Magic
 + Level 1.6 Invocations


You had 14 spell levels left.
You knew the following spells:

 Your Spells              Type           Power        Failure   Level  Hunger
a - Sandblast             Erth           ######       0%          1    None
b - Passwall              Tmut/Erth      ######..     1%          2    None
c - Stone Arrow           Conj/Erth      ######       1%          3    None
d - Petrify               Tmut/Erth      ######..     1%          4    None
e - Lee's Rapid Deconstr  Erth           #######...   1%          5    ####...
f - Leda's Liquefaction   Hex/Erth       ######....   1%          4    None

Your spell library contained the following spells:

 Spells                   Type           Power        Failure   Level  Hunger
 Corona                   Hex            ##.....      4%          1    None
 Slow                     Hex            ##......     6%          2    None
 Inner Flame              Hex/Fire       ##......     13%         3    None
 Portal Projectile        Hex/Tloc       ##....       13%         3    None
 Cause Fear               Hex            ##........   38%         4    None


Dungeon Overview and Level Annotations

Branches:
Dungeon (15/15)            Temple (1/1) D:4            Lair (0/6) D:8
    Orc (0/2) D:10         Vaults (0/5) D:14         Depths (0/5) D:15
Gauntlet (visited)

Altars:
Ashenzari
Cheibriados
Fedhas
Hepliaklqana
Makhleb
Ru
Uskayaw

Shops:
D:4 :   D:7 [   D:10 *   D:13 %%[:(

Portals:
Trove: D:13 (give 9 potions of haste)

Annotations:
D:5 Grinder
D:8 1 runed translucent door, Shadow153's ghost, novice MfIE


Message History

You kill the ogre mage!
Fedhas accepts your kill.
You hear a splash. x2
The two-headed ogre is engulfed in a cloud of scalding steam.
The two-headed ogre is engulfed in a cloud of scalding steam.
The two-headed ogre completely misses you. x2
You see here an electric eel corpse.
The two-headed ogre is engulfed in a cloud of scalding steam.
The two-headed ogre is engulfed in a cloud of scalding steam.
The two-headed ogre completely misses you. x2
The two-headed ogre misses you. The two-headed ogre barely misses you.
The two-headed ogre completely misses you.
The two-headed ogre closely misses you.
The two-headed ogre hits you with a +0 giant club!
The two-headed ogre completely misses you.
The two-headed ogre hits you with a +0 giant club!!
* * * LOW HITPOINT WARNING * * *
The two-headed ogre hits you with a +0 giant club!!
You die...
Fedhas appreciates your contribution to the ecosystem.

.# #.....# #......## .# #.....#
##.####># .######'#######..# ###
≈≈≈####.##≈≈≈≈#..#
≈≈≈≈≈≈#.#≈≈≈≈≈########## ###
≈≈≈≈≈≈≈≈≈≈####≈≈≈≈≈≈#≈≈###≈#####
≈≈≈≈≈≈≈≈≈## ##≈≈≈≈≈≈≈≈≈#≈≈≈≈≈≈##
...≈≈≈≈≈≈######≈≈≈≈≈≈≈≈≈≈≈≈≈≈≈≈≈#
....###.#.[.....@O≈≈≈≈≈≈≈≈†≈))≈≈≈
.#### #.#.#########≈≈≈≈≈≈≈#≈≈≈≈≈≈
.# #.#.# ###≈#≈≈≈#≈≈≈)≈≈ .# #.#.#
####≈####≈≈≈≈ .# #.#'##### ###
##≈≈ .# #.......# ## .# #.......#
.######.......# ........#'#####


You could see a two-headed ogre.

Vanquished Creatures
  Nessos (D:13)
  A minotaur (Gauntlet)
  A dire elephant (Gauntlet)
  A hydra (D:15)
  2 ogre magi
  6 two-headed ogres
  2 centaur warriors
  A skeletal warrior (D:11)
  Pikel (D:5)
  A necromancer (Gauntlet)
  A wolf spider (D:15)
  2 deep elf magi (D:13)
  3 manticores
  4 cyclopes
  13 ugly things
  A manticore (shapeshifter) (D:15)
  2 elephants (Gauntlet)
  A naga mage (D:15)
  A centaur zombie (D:12)
  Maurice (D:13)
  A black mamba (shapeshifter) (Gauntlet)
  2 gargoyles
  A komodo dragon (D:11)
  An efreet (D:15)
  3 trolls
  A queen bee (shapeshifter) (D:14)
  8 slime creatures
  4 hippogriffs
  A vampire (D:12)
  A water elemental (D:15)
  Sigmund (D:2)
  A human (D:7)
  14 yaks
  4 hogs (D:7)
  A hungry ghost (D:11)
  A basilisk (D:14)
  9 vampire mosquitoes
  A steam dragon (D:10)
  A soldier ant (D:11)
  An acid dragon (D:11)
  2 water moccasins
  A swamp drake (D:10)
  6 orc warriors
  3 sky beasts
  A slave (D:5)
  3 necrophages
  3 ice beasts
  11 ogres
  A black bear (D:13)
  2 phantoms
  3 wolves (Gauntlet)
  A crocodile (D:11)
  5 centaurs
  A big kobold (D:13)
  10 bullfrogs
  A gnoll sergeant (D:8)
  A wyvern zombie (D:14)
  A wyvern skeleton (D:11)
  2 scorpions
  14 killer bees
  13 wights
  3 electric eels (D:15)
  3 howler monkeys (D:8)
  4 crimson imps
  A lava snake (D:10)
  3 bullfrog zombies
  5 centaur skeletons
  5 orc priests
  7 hounds
  2 jellies
  5 orc wizards
  2 bullfrog skeletons
  4 iguanas
  Terence (D:2)
  5 worker ants
  A hound zombie (D:9)
  2 hound skeletons
  14 gnolls
  5 adders
  6 shadow imps
  12 white imps (D:11)
  2 adder skeletons
  4 worms
  5 dart slugs
  5 leopard geckos
  61 orcs
  11 giant cockroaches
  15 goblins
  16 hobgoblins
  10 jackals
  3 quokkas (D:2)
  2 ball pythons
  6 bats
  4 frilled lizards
  7 kobolds
  A leopard gecko skeleton (D:4)
  11 rats
441 creatures vanquished.

Vanquished Creatures (others)
  A slave (D:5)
  A centaur (D:5)
2 creatures vanquished.

Grand Total: 443 creatures vanquished

Notes
Turn   | Place    | Note
-------+----------+-------------------------------------------
     0 | D:1      | Lanoc the Deep Elf Earth Elementalist began the quest for
                  | the Orb.
     0 | D:1      | Reached XP level 1. HP: 10/10 MP: 6/6
   114 | D:1      | Reached XP level 2. HP: 12/15 MP: 4/8
   384 | D:1      | Reached skill level 4 in Earth Magic
   425 | D:1      | Reached XP level 3. HP: 12/19 MP: 7/10
  1117 | D:2      | Learned a level 2 spell: Passwall
  1121 | D:2      | Learned a level 3 spell: Stone Arrow
  1141 | D:2      | Noticed Terence
  1149 | D:2      | Killed Terence
  1149 | D:2      | Reached XP level 4. HP: 15/24 MP: 4/11
  1264 | D:2      | Noticed Sigmund
  1287 | D:2      | Killed Sigmund
  1287 | D:2      | Reached skill level 5 in Earth Magic
  1287 | D:2      | Reached XP level 5. HP: 15/28 MP: 13/14
  1499 | D:2      | Learned a level 4 spell: Petrify
  1559 | D:2      | Found a blossoming altar of Fedhas.
  1573 | D:2      | Reached XP level 6. HP: 32/32 MP: 3/15
  1729 | D:2      | Reached skill level 5 in Spellcasting
  2406 | D:3      | Found a burning altar of Makhleb.
  2508 | D:2      | Became a worshipper of Fedhas Madash
  2648 | D:3      | Reached skill level 6 in Earth Magic
  3223 | D:4      | Reached * piety under Fedhas
  3228 | D:4      | Found a staircase to the Ecumenical Temple.
  3251 | Temple   | Entered the Ecumenical Temple
  3290 | D:4      | Reached skill level 5 in Dodging
  3290 | D:4      | Reached XP level 7. HP: 36/36 MP: 15/17
  3347 | D:3      | Learned a level 5 spell: Lee's Rapid Deconstruction
  3518 | D:4      | Found Xusik's Book Shoppe.
  3537 | D:4      | Found a hazy altar of Hepliaklqana.
  3757 | D:5      | Entered Level 5 of the Dungeon
  3767 | D:5      | Found a shattered altar of Ashenzari.
  3771 | D:5      | Reached skill level 7 in Earth Magic
  3772 | D:5      | Noticed Grinder
  3829 | D:5      | Found a snail-covered altar of Cheibriados.
  3896 | D:5      | Noticed Pikel
  3906 | D:5      | Killed Pikel
  3906 | D:5      | Reached skill level 8 in Earth Magic
  3906 | D:5      | Reached XP level 8. HP: 37/41 MP: 8/20
  3931 | D:5      | Found a hide-covered altar of Uskayaw.
  5123 | D:7      | Reached skill level 9 in Earth Magic
  5155 | D:7      | Reached ** piety under Fedhas
  5259 | D:7      | Noticed a hippogriff
  5262 | D:7      | Killed a hippogriff
  5346 | D:7      | Reached XP level 9. HP: 45/45 MP: 20/23
  5360 | D:7      | Reached skill level 10 in Earth Magic
  5657 | D:7      | Found Lotty's Armour Shoppe.
  6246 | D:8      | Reached skill level 11 in Earth Magic
  6249 | D:8      | Reached *** piety under Fedhas
  6306 | D:8      | Noticed a two-headed ogre
  6309 | D:8      | Killed a two-headed ogre
  6309 | D:8      | Reached skill level 10 in Spellcasting
  6309 | D:8      | Reached XP level 10. HP: 50/50 MP: 19/26
  6319 | D:8      | Noticed Shadow153's ghost (novice MfIE)
  6499 | D:8      | Reached skill level 12 in Earth Magic
  6597 | D:8      | Found a staircase to the Lair.
  6719 | D:8      | Found a runed translucent door.
  7172 | D:9      | Found a sacrificial altar of Ru.
  7320 | D:9      | Reached **** piety under Fedhas
  7331 | D:9      | Reached skill level 10 in Dodging
  7815 | D:10     | Entered Level 10 of the Dungeon
  7878 | D:10     | Reached skill level 13 in Earth Magic
  7956 | D:10     | Found Lilood's Assorted Antiques.
  8044 | D:10     | Learned a level 4 spell: Leda's Liquefaction
  8052 | D:10     | Bought a scroll labeled ASENGUHEBA for 19 gold pieces
  8352 | D:10     | Noticed a two-headed ogre
  8356 | D:10     | Killed a two-headed ogre
  8356 | D:10     | Reached XP level 11. HP: 54/54 MP: 27/27
  8879 | D:10     | Found a staircase to the Orcish Mines.
  9248 | D:11     | Reached skill level 14 in Earth Magic
  9267 | D:11     | Found a frozen archway.
  9269 | D:11     | Reached ***** piety under Fedhas
  9288 | D:11     | Noticed a brown ugly thing
  9448 | D:11     | Found a gate leading to a gauntlet.
  9457 | Gauntlet | Entered a Gauntlet
  9457 | Gauntlet | Found a transporter.
  9457 | Gauntlet | Found a transporter.
  9469 | Gauntlet | Noticed a death ooze
  9473 | Gauntlet | Found a transporter.
  9474 | Gauntlet | Found a transporter.
  9481 | Gauntlet | Found a transporter.
  9485 | Gauntlet | Found a transporter.
  9491 | Gauntlet | Noticed a balrug
  9496 | Gauntlet | Found a transporter.
  9507 | Gauntlet | Noticed a dire elephant
  9509 | Gauntlet | Found a transporter.
  9523 | Gauntlet | Found a transporter.
  9527 | Gauntlet | Found a transporter.
  9529 | Gauntlet | Noticed a necromancer
  9535 | Gauntlet | Found a transporter.
  9539 | Gauntlet | Found a transporter.
  9625 | Gauntlet | Killed a necromancer
  9719 | Gauntlet | Reached skill level 15 in Earth Magic
  9725 | Gauntlet | Got a twisted broad axe
  9729 | Gauntlet | Killed a dire elephant
  9738 | Gauntlet | Got a twitching lapis lazuli ring
  9740 | Gauntlet | Identified the ring "Avved" {rF+ rC+ Stlth+} (You found it
                  | in a Gauntlet)
  9863 | Gauntlet | Noticed a minotaur
  9881 | Gauntlet | Killed a minotaur
  9898 | Gauntlet | Got a vibrating ivory ring
  9899 | Gauntlet | Got a bloodstained flail
  9899 | Gauntlet | Got a smoking robe
  9953 | D:11     | Identified the cursed +1 robe of the Heavens {Int+3 Dex+2}
                  | (You found it in a Gauntlet)
  9954 | D:11     | Identified the ring "Halot" {rC+ MR+} (You found it in a
                  | Gauntlet)
  9957 | D:11     | Identified the +3 broad axe of Tumult {venom, rN+} (You
                  | found it in a Gauntlet)
  9958 | D:11     | Identified the +0 flail of the Ecumenical Temple {crush,
                  | Int+2} (You found it in a Gauntlet)
 10042 | D:11     | Got a transparent leather armour
 10053 | D:11     | Identified the +4 leather armour of Terror {rF- rC- rN+++
                  | SInv} (You found it on level 11 of the Dungeon)
 10081 | D:11     | Killed a brown ugly thing
 10081 | D:11     | Reached XP level 12. HP: 41/59 MP: 15/28
 10742 | D:12     | Reached skill level 16 in Earth Magic
 11794 | D:13     | Found Bupsops's Antique Weapon Shop.
 11849 | D:13     | Noticed Nessos
 11929 | D:13     | Noticed Maurice
 11934 | D:13     | Killed Maurice
 11934 | D:13     | Noticed a centaur warrior
 11938 | D:13     | Killed a centaur warrior
 12078 | D:13     | Reached skill level 17 in Earth Magic
 12089 | D:13     | Killed Nessos
 12255 | D:13     | Got a bone scimitar
 12256 | D:13     | Identified the +11 scimitar of Integrity {venom, +Rage
                  | Dex+4} (You found it on level 13 of the Dungeon)
 12273 | D:13     | Found a portal to a secret trove of treasure.
 12283 | D:13     | Found Feipt's Food Shoppe.
 12352 | D:13     | Found Liwidim's Food Emporium.
 12468 | D:13     | Found Biytue Vili's Book Shoppe.
 12548 | D:13     | Found Iraipuly's Armour Emporium.
 12770 | D:14     | Noticed a two-headed ogre
 12780 | D:14     | Killed a two-headed ogre
 12780 | D:14     | Noticed a two-headed ogre
 12784 | D:14     | Noticed a two-headed ogre
 12978 | D:14     | Got a warped glaive
 12979 | D:14     | Identified the +5 glaive of Subterfuge {chop, rF+ MR+
                  | Str+4} (You found it on level 14 of the Dungeon)
 13037 | D:14     | Killed a two-headed ogre
 13049 | D:14     | Noticed an ogre mage
 13053 | D:14     | Killed an ogre mage
 13053 | D:14     | Reached XP level 13. HP: 63/63 MP: 3/29
 13346 | D:14     | Reached ****** piety under Fedhas
 13540 | D:14     | Reached skill level 18 in Earth Magic
 13948 | D:14     | Found a gate to the Vaults.
 14098 | D:15     | Entered Level 15 of the Dungeon
 14947 | D:15     | Reached skill level 15 in Dodging
 14951 | D:15     | Reached skill level 1 in Invocations
 15160 | D:15     | Found a staircase to the Depths.
 15263 | D:15     | HP: 1/63 [two-headed ogre/+0 giant club (22)]
 15263 | D:15     | Demolished by a two-headed ogre

Levels and vault maps discovered:
D:1:      lemuel_arrival_tunnels, layout_basic, st_stairs_14,
          minmay_misc_feat_four_crosses, minmay_pentomino_q4
D:2:      layout_loops_ring, fedhas_altar_3, serial_rivers,
          chequers_serial_rivers_room_a, chequers_serial_rivers_micro_b,
          chequers_serial_rivers_room_a, chequers_serial_rivers_micro_a,
          chequers_serial_rivers_small_a, first_ration, minmay_diced_spiral,
          uniq_sigmund, uniq_terence
D:3:      layout_rooms, old_standard_altar, minivault_14, roderic_st_hans_cross
D:4:      layout_rooms, kennysheep_mini, minmay_temple_entry_proselytizer,
          serial_shops, shop
D:5:      layout_rooms, lemuel_crystal_altar, eat_drink_and_be_merry_uskayaw,
          cheibriados_altar_1, uniq_grinder, uniq_pikel
D:6:      layout_gridville, minivault_5
D:7:      layout_cave_pods, serial_shops, shop, palyth_stone_intersect,
          grunt_livestock, grunt_ministairs_8
D:8:      layout_loops_ring, nicolae_overflow_hidden_temple, lair_entry_dummy,
          hellmonk_ghost_happy_afterlife, minmay_between
D:9:      layout_irregular_city, overflow_temple_1_default,
          minmay_misc_feat_hallway, minmay_statues_item
D:10:     layout_basic, erik_orc_1, serial_shops, shop, kennysheep_small_spiral
D:11:     kennysheep_ambush_hall, layout_irregular_city, gauntlet_entry_generic,
          portal_ice_cave_entry_imps
D:12:     layout_gridville, chequers_serial_rivers_small_3
D:13:     minmay_the_grid_square_5x5_3x3 [minmay_the_grid_square_5x5_inner_v,
          minmay_the_grid_square_5x5_detours,
          minmay_the_grid_square_5x5_hourglass,
          minmay_the_grid_square_5x5_broken_cross,
          minmay_the_grid_square_5x5_megaprize_hollow,
          minmay_the_grid_square_5x5_three,
          minmay_the_grid_square_5x5_two_walls_a, minmay_the_grid_square_5x5_v,
          minmay_the_grid_square_5x5_inverted_slash], layout_irregular_city,
          serial_shops, shop_statue, shop, kennysheep_mini_moat,
          nicolae_shop_crystal, nicolae_shop_behind_doors, enter_trove_3,
          uniq_nessos, uniq_maurice
D:14:     layout_layer_cave, david_vaults_2
D:15:     hangedman_depths_entry_try_elsewhere_first, layout_basic,
          serial_park_tiny_2
Temple:   minmay_temple_forest_path

Skill      XL: |  1  2  3  4  5  6  7  8  9 10 11 12 13 |
---------------+----------------------------------------+-----
Earth Magic    | 4 5 6 8 9 11 13 15 17 18 | 18.8
Dodging        | 3 4 5 6 7 9 10 12 14 15 | 15.1
Spellcasting   | 4 5 6 8 10 | 10.7
Invocations    | 1 |  1.6
Stealth        | |  2.4
Transmutations | |  1.1

Action                   |  1- 3 |  4- 6 |  7- 9 | 10-12 | 13-15 || total
-------------------------+-------+-------+-------+-------+-------++-------
Melee: Unarmed           |    12 |       |       |       |       ||    12
       Dagger            |    35 |       |       |       |       ||    35
       Staff             |       |    16 |       |     7 |     8 ||    31
       Scimitar          |       |       |       |     4 |       ||     4
 Cast: Sandblast         |    51 |    22 |    69 |   115 |    49 ||   306
       Stone Arrow       |     3 |    91 |    46 |   114 |     9 ||   263
       Lee's Rapid Decon |       |       |    12 |   105 |    49 ||   166
       Petrify           |       |       |       |     3 |       ||     3
Invok: Wall of Briars    |       |       |       |     1 |       ||     1
  Use: Scroll            |       |       |       |    13 |       ||    13
       Potion            |       |       |       |     8 |     1 ||     9
  Eat: Chunk             |     1 |    12 |    12 |    25 |     8 ||    58
       Ration            |       |       |       |     3 |     2 ||     5
Armor: Robe              |    13 |    10 |       |    16 |     4 ||    43
Dodge: Dodged            |    58 |    49 |    43 |   168 |    60 ||   378

Table legend:
 A = Non-vault XP
 B = Vault XP
 C = Vault XP percentage of total XP
 D = Non-vault monster count
 E = Vault monster count
 F = Vault count percentage of total count
                 A         B        C        D         E       F
            +---------+---------+-------+---------+---------+-------
      Total |   38872 |   17604 |  31.2 |     360 |      80 |  18.2
            +---------+---------+-------+---------+---------+-------
        D:1 |      56 |       7 |  11.1 |      32 |       4 |  11.1
        D:2 |      60 |     275 |  82.1 |      26 |       5 |  16.1
        D:3 |     208 |       0 |   0.0 |      39 |       0 |   0.0
        D:4 |     250 |      41 |  14.1 |      13 |       1 |   7.1
        D:5 |     395 |     617 |  61.0 |       8 |       1 |  11.1
        D:6 |     121 |       0 |   0.0 |       6 |       0 |   0.0
        D:7 |    1273 |    1028 |  44.7 |      28 |       7 |  20.0
        D:8 |    2641 |     109 |   4.0 |      32 |       1 |   3.0
        D:9 |    1646 |       0 |   0.0 |      28 |       0 |   0.0
       D:10 |    3395 |     578 |  14.5 |      28 |      17 |  37.8
       D:11 |    4906 |    1580 |  24.4 |      35 |      17 |  32.7
       D:12 |    2144 |       0 |   0.0 |      11 |       0 |   0.0
       D:13 |    3928 |    4669 |  54.3 |      14 |      12 |  46.2
       D:14 |   11243 |    1811 |  13.9 |      35 |       2 |   5.4
       D:15 |    6606 |    2046 |  23.6 |      25 |       4 |  13.8
   Gauntlet |       0 |    4843 | 100.0 |       0 |       9 | 100.0
            +---------+---------+-------+---------+---------+-------
